 Dungeon Crawl Stone Soup version 0.31-a0-489-g282fc92437 (webtiles) character file.

Game seed: 15437306169994378651

41 Bnni the Sneak (level 3, -6/18 HPs)
             Began as a Vine Stalker Brigand on Aug 8, 2023.
             Mangled by a gnoll
             ... wielding a +2 heavy flail
              (12 damage)
             ... on level 2 of the Dungeon.
             The game lasted 00:01:46 (843 turns).

Bnni the Sneak (Vine Stalker Brigand)                Turns: 843, Time: 00:01:46

Health: -6/18      AC: 11    Str: 13    XL:     3   Next: 52%
Magic:  0/4        EV:  3    Int: 11    God:
Gold:   25         SH:  0    Dex: 17    Spells: 2/2 levels left

rFire   . . .        a - +2 dagger
rCold   . . .        (no shield)
rNeg    . . .        i - +0 plate armour
rPois   .            (no helmet)
rElec   .            c - +0 cloak
rCorr   .            (no gloves)
SInv    .            (no boots)
Will    .....        (no amulet) Stlth
                     (no ring)
HPRegen 0.23/turn    (no ring)
MPRegen 0.09/turn

%: guardian spirit
@: no status effects
A: fangs 2, magic shield, antimagic bite, no potion heal 2
a: no special abilities


You were on level 2 of the Dungeon.
You visited 1 branch of the dungeon, and saw 2 of its levels.

You collected 25 gold pieces.

Inventory:

Hand Weapons
 a - a +2 dagger (weapon)
Missiles
 d - 8 poisoned darts (quivered)
 e - 2 curare-tipped darts
Armour
 c - a +0 cloak (worn)
 i - a +0 plate armour (worn)
Jewellery
 j - a ring of ice
Scrolls
 b - a scroll of noise {unknown}
 g - a scroll of teleportation {unknown}
Potions
 f - a potion of haste {unknown}
 h - a potion of attraction {unknown}
 k - a potion of heal wounds {unknown}


   Skills:
 + Level 2.2 Fighting
 * Level 2.7 Short Blades
 - Level 1.7 Throwing
 - Level 0.7 Dodging
 + Level 5.3 Stealth


You had 2 spell levels left.
You didn't know any spells.
Your spell library was empty.

Dungeon Overview and Level Annotations

Branches:
Dungeon (2/15)

Altars:


Innate Abilities, Weirdness & Mutations

You have extremely sharp teeth.
When hurt, damage is shared between your health and your magic reserves.
Your bite disrupts and absorbs the magic of your enemies.
Potions cannot restore your health.


Message History

The gnoll hits you from afar with a +0 spear.
There is a shaft here.
The gnoll falls through a shaft!
The shaft crumbles and collapses.
You start resting.
Magic restored.
HP restored.
Key pressed, stopping explore.
No target in view!
You see here a +0 spear.
The gnoll hits you but does no damage.
You hit the gnoll. You bite the gnoll, but do no damage.
The gnoll is lightly wounded.
The gnoll hits you but does no damage.
The ball python hisses angrily.
You hit the gnoll but do no damage.
The gnoll is lightly wounded.
You closely miss the gnoll. You bite the gnoll. You drain its power.
The gnoll is heavily wounded.
The gnoll hits you with a +2 heavy flail.
Okay, then.
Press: ? - help, v - describe, . - travel
Here: a gnoll, wielding a +2 heavy flail (heavily wounded)
A stone staircase leading up, spattered with blood.
Unknown command.
You closely miss the gnoll.
The gnoll is heavily wounded.
You hit the gnoll but do no damage. You bite the gnoll. You drain its power.
You feel invigorated.
The gnoll is severely wounded.
The gnoll hits you with a +2 heavy flail!
Ouch! That really hurt!
* * * LOW HITPOINT WARNING * * *
Throw: 3 darts (curare)
Press: ? - help, Shift-Dir - straight line, f - gnoll
Aim: a gnoll, wielding a +2 heavy flail (severely wounded, 61% to hit)
You throw a curare-tipped dart.
The curare-tipped dart closely misses the gnoll.
The gnoll hits you with a +2 heavy flail!
Ouch! That really hurt!
You die...

#.# #.# #.#
#.# #.# #
#.# ##!####
#)###.......
#.#g....##
#.@..$......
#S###.#.####
....


gS... ..[#.# .#.### .....#.. g#.# ...$ #.. .. . ... #.# .# #. ... #. You could
see a gnoll and a ball python.

Vanquished Creatures
  A gnoll (D:2)
  An adder (D:1)
  2 dart slugs (D:1)
  3 endoplasms (D:1)
  A giant cockroach (D:1)
  3 goblins (D:1)
  2 hobgoblins (D:1)
  A quokka (D:1)
  A kobold (D:1)
  3 rats
18 creatures vanquished.

Notes
Turn   | Place    | Note
-------+----------+-------------------------------------------
     0 | D:1      | Bnni the Vine Stalker Brigand began the quest for the Orb.
     0 | D:1      | Reached XP level 1. HP: 11/11 MP: 2/2
   107 | D:1      | Reached skill level 5 in Stealth
   107 | D:1      | Reached XP level 2. HP: 15/15 MP: 3/3
   722 | D:1      | Reached XP level 3. HP: 8/18 MP: 2/4
   843 | D:2      | Mangled by a gnoll

Illustrated notes

Levels and vault maps discovered:
D:1:      dpeg_arrival_tiny_d, layout_loops_ring
D:2:      layout_basic, serial_shops, shop

Skill      XL: |  1  2 |
---------------+-------+-----
Short Blades   | 2 |  2.7
Stealth        | 5 |  5.3
Fighting       | 2 |  2.2
Throwing       | |  1.7
Dodging        | |  0.7

Action                     || total
---------------------------++-------
  Melee: Dagger            ||    55
         Bite              ||    16
  Throw: Dart              ||     2
   Stab: Sleeping          ||     3
 Armour: Robe              ||     3
         Plate armour      ||    26
  Dodge: Dodged            ||    12

Table legend: (Time is in decaauts)
 A = Elapsed time spent in this place.
 B = Non-inter-level travel time spent in this place.
 C = Inter-level travel time spent in this place.
 D = Time resting spent in this place.
 E = Time spent auto-exploring this place.
 F = Levels seen in this place.
 G = Mean time per level.
                   A        B        C        D        E       F      G
               +--------+--------+--------+--------+--------+-----+--------+
         Total |    837 |    808 |     29 |     70 |    602 |   2 |  418.5 |
       Dungeon |    837 |    808 |     29 |     70 |    602 |   2 |  418.5 |
               +--------+--------+--------+--------+--------+-----+--------+

Top non-repeatable levels by time:
     D:1: 785 daAuts
     D:2: 51 daAuts
